AoeStats
← Topi-Petteri

Black Forest

504977279Analyzed
1v1 RM · 25d ago on Sep 7, 2026· 48m 18s· 2 players
Game mode
Random Map
Map size
Tiny (2 player)
Population
200
Speed
Normal
Resources
Standard
Victory
Conquest
Starting age
Dark Age
Ending age
Imperial Age
RankedLock teamsTeams togetherTeam positionsShared explorationLock speedFull tech treeHidden civsTurbo modeCheats
Victory
Defeat
🇳🇱 Lithuanians · Netherlands
794
+15
🇫🇮 Britons · Finland
773
-15
Topi-Petteri
10:13 Feudal Age
17:49 Castle Age
17:09 Double-Bit Axe
19:36 Bow Saw
23:13 Wheelbarrow
26:26 Hand Cart
26:37 Hand Cart
26:52 Ballistics
26:39 Padded Archer Armor
30:22 Imperial Age
28:19 Leather Archer Armor
27:38 Crossbowman
29:28 Fletching
29:08 Pikeman
29:49 Squires
29:35 Arson
29:54 Scale Mail Armor
30:04 Forging
30:50 Gold Mining
32:03 Chemistry
32:39 Ring Archer Armor
32:05 Bodkin Arrow
33:23 Two-Man Saw
33:20 Chain Mail Armor
32:38 Halberdier
33:56 Iron Casting
40:19 Bracer
41:19 Blast Furnace
40:50 Plate Mail Armor
41:47 Arbalester
42:29 Heated Shot
Petah
10:35 Loom
13:07 Feudal Age
14:46 Double-Bit Axe
19:20 Castle Age
17:08 Horse Collar
17:26 Gold Mining
18:12 Stone Mining
21:09 Wheelbarrow
20:48 Bow Saw
20:42 Heavy Plow
25:26 Hand Cart
28:26 Stone Shaft Mining
31:02 Imperial Age
29:36 Forging
29:31 Scale Barding Armor
29:28 Scale Mail Armor
29:03 Pikeman
29:06 Elite Skirmisher
30:57 Iron Casting
30:57 Bloodlines
30:13 Light Cavalry
31:39 Fortified Wall
31:50 Ballistics
31:13 Treadmill Crane
31:50 Halberdier
32:34 Husbandry
39:29 Winged Hussar
41:30 Chemistry
43:34 Conscription
45:43 Crop Rotation
47:18 Chain Barding Armor
46:59 Padded Archer Armor
46:50 Fletching
48:21 Two-Man Saw
49:22 Plate Barding Armor
49:03 Chain Mail Armor
49:04 Leather Archer Armor
Connection lost

Rejoining the realm…

Still unreachable

The connection could not be restored.

Session expired

The server has moved on; the page needs a fresh start.